 Dungeon Crawl Stone Soup version 0.18-a0-1229-ge9a1a01 (webtiles) character file.

33927 Psiweapon the Thaumaturge (level 13, 0/71 HPs)
             Began as an Octopode Enchanter on Feb 4, 2016.
             Was an Elder of Dithmenos.
             Slain by a water moccasin (6 damage)
             ... on level 7 of the Lair of Beasts.
             The game lasted 01:30:59 (17740 turns).

Psiweapon the Thaumaturge (Octopode Enchanter)     Turns: 17740, Time: 01:30:59

Health: 0/71       AC:  5    Str: 12    XL:     13   Next: 74%
Magic:  19/36      EV: 16    Int: 21    God:    Dithmenos [****..]
Gold:   846        SH:  7    Dex: 22    Spells: 7 memorised, 14 levels left

rFire  + . .     SeeInvis +     b - +6 trident of Noon {venom, Str+4 Dex+3}
rCold  + . .     Gourm    .     i - +0 buckler
rNeg   . . .     Faith    .     M - +0 hat
rPois  .         Spirit   .     (no amulet)
rElec  .         Dismiss  .     f - +4 ring of protection
rCorr  .         Reflect  .     v - ring of protection from fire
SustAt .         Harm     .     H - ring of see invisible
MR     .....                    L - ring of stealth
Stlth  ++++++++++               n - +2 ring of intelligence
                                j - ring of protection from cold
                                X - ring of magical power
                                (no ring)

@: very slightly contaminated, wreathed by umbra, not resistant to hostile
enchantments, uncannily stealthy
A: almost no armour, amphibious, 8 rings, constrict 8, camouflage 1, agile 2,
wild magic 1, gelatinous body 1
a: Shadow Step, Renounce Religion


You were on level 7 of the Lair of Beasts.
You worshipped Dithmenos.
Dithmenos was greatly pleased with you.
You were hungry.

You visited 3 branches of the dungeon, and saw 19 of its levels.
You also visited: Ossuary.

You collected 846 gold pieces.

Inventory:

Hand Weapons
 a - a +2 dagger
 b - the +6 trident of Noon (weapon) {venom, Str+4 Dex+3}
   (You found it on level 4 of the Lair of Beasts)

   It poisons the flesh of those it strikes.
   It affects your strength (+4).
   It affects your dexterity (+3).
 p - a +0 long sword
 I - a +1 dire flail of protection
 O - a +0 hand crossbow
Missiles
 k - 85 poisoned needles
 l - 132 bolts
 D - a tomahawk of dispersal (quivered)
 F - 23 tomahawks
Armour
 i - a +0 buckler (worn)
 M - a +0 hat (worn)
Jewellery
 f - a +4 ring of protection (left tentacle)
 j - a ring of protection from cold (on tentacle)
 n - a +2 ring of intelligence (on tentacle)
 v - a ring of protection from fire (right tentacle)
 H - a ring of see invisible (on tentacle)
 L - a ring of stealth (on tentacle)
 X - a ring of magical power (on tentacle)
Wands
 d - a wand of paralysis (16/24)
 g - a wand of paralysis (11/24)
 y - a wand of polymorph (13/24)
 G - a wand of iceblast (5/15)
 P - a wand of lightning (0/15)
 R - a wand of digging (24/24)
 S - a wand of slowing (23/48)
Scrolls
 e - a scroll of brand weapon
 m - 5 scrolls of amnesia
 q - 2 scrolls of summoning
 u - a scroll of enchant weapon
 w - a scroll of teleportation
 x - 2 scrolls of remove curse
 B - a scroll of recharging
 N - 3 scrolls of magic mapping
Potions
 h - a potion of cancellation
 r - 6 potions of curing
 s - 2 potions of brilliance
 z - a potion of berserk rage
 A - 2 potions of might
 C - a potion of haste
 E - 5 potions of poison {unknown}
 K - a potion of flight
 Q - a potion of ambrosia {unknown}
 T - 2 potions of agility
 Z - a potion of cure mutation {unknown}
Books
 J - a book of Changes

   Spells                             Type                      Level
   a - Beastly Appendage              Transmutation                1
   b - Sticks to Snakes               Transmutation                2
   c - Spider Form                    Transmutation/Poison         3
   d - Ice Form                       Ice/Transmutation            4
   e - Blade Hands                    Transmutation                5
 Y - a book of Changes

   Spells                             Type                      Level
   a - Beastly Appendage              Transmutation                1
   b - Sticks to Snakes               Transmutation                2
   c - Spider Form                    Transmutation/Poison         3
   d - Ice Form                       Ice/Transmutation            4
   e - Blade Hands                    Transmutation                5
Comestibles
 c - 16 fruits
 o - 8 meat rations
 t - 10 royal jellies
 U - 2 beef jerkies


   Skills:
 - Level 10.1 Short Blades
 - Level 7.2 Polearms
 - Level 5.1 Dodging
 - Level 10.0 Stealth
 + Level 6.9 Shields
 - Level 10.3 Spellcasting
 - Level 5.1 Conjurations
 - Level 10.0 Hexes
 + Level 6.5 Ice Magic


You had 14 spell levels left.
You knew the following spells:

 Your Spells              Type           Power        Failure   Level  Hunger
a - Corona                Hex            ######.      1%          1    None
b - Ensorcelled Hibernat  Hex/Ice        ######       2%          2    None
c - Confuse               Hex            ######..     2%          3    None
d - Dazzling Spray        Conj/Hex       ######..     3%          3    None
e - Swiftness             Chrm/Air       ###.....     22%         2    None
f - Ozocubu's Armour      Chrm/Ice       #####...     13%         3    None
g - Throw Icicle          Conj/Ice       ######..     16%         4    ##.....


Dungeon Overview and Level Annotations

Branches:
Dungeon (10/15)            Temple (1/1) D:4            Lair (8/8) D:8
 Shoals (0/4) Lair:5       Spider (0/4) Lair:4
  Slime: Lair:6-8       Orc: D:9-12

Altars:
Ashenzari
Cheibriados
Dithmenos
Elyvilon
Fedhas
Gozag
Makhleb
Nemelex Xobeh
Okawaru
Pakellas
Qazlal
Sif Muna
Trog
Vehumet
Xom
Yredelemnul
Zin
The Shining One

Shops:
D:8 [

Annotations:
Lair:7 Josephine


Innate Abilities, Weirdness & Mutations

You cannot wear most types of armour.
You are amphibious.
You can wear up to eight rings at the same time.
You can use your tentacles to constrict eight enemies at once.
Your skin changes colour to match your surroundings (Stealth).
Your rubbery body absorbs attacks (AC +1).
You are very agile. (Dex +4)
Your spells are a little harder to cast, but a little more powerful.


Message History

The plant is moderately damaged.
The bolt of lightning hits the elephant.
The elephant is lightly wounded.
Evoking this partially-identified wand wasted a few charges.
You constrict the water moccasin.
You hear a shout!
You hear a howl! x2
The water moccasin barely misses you.
Read which item? (? for menu, Esc to quit)
Blink to where?
Press: ? - help, Dir - move target cursor You lose your grip on the water moccasin.
As you read the scroll of blinking, it crumbles to dust.
You hit the water moccasin. You grab the water moccasin.
You squeeze the water moccasin, but do no damage.
The water moccasin is severely wounded.
You constrict the water moccasin. The water moccasin barely misses you.
You hit the water moccasin but do no damage.
The water moccasin is almost dead.
You constrict the water moccasin. The water moccasin bites you.
You die...

##.#.....# #PP.#...
####...#♣ ♣ ##..Y#.. .#...#
♣♣ ♣♣.. #...#.. # ....♣ .♣
♣... ###.#... ..#.♣♣♣.
♣...##.#..#..
...♣♣♣..♣##♣♣##.PPP.....#..
....#......#♣..............
#..#....P##..............
#.....@# #.#........#.. .
#...PS## #..P......#.(
.P###...P# #P.#.....PP..
........### ##.P.......P..
...#......###.P..#........
.. #.Y.........<..........
#..P.##...P............ .
#P...###.....PP........ ..
#...###....Y...........


You could see an elephant and a water moccasin.

Vanquished Creatures
  Maud (Lair:5)
  Snorg (Lair:5)
  Harold (Lair:4)
  3 hydras
  An oklob plant (Lair:2)
  11 elephants
  2 black mambas
  14 spiny frogs
  8 komodo dragons
  A fire drake (Lair:3)
  A queen bee (D:8)
  15 blink frogs
  33 yaks
  A wraith (Lair:6)
  4 hippogriffs
  A basilisk (Lair:3)
  9 wolves
  2 soldier ants
  2 water moccasins (Lair:6)
  9 porcupines
  2 ice beasts
  A sky beast (D:8)
  2 wasps (D:8)
  2 orc warriors
  8 ogres
  A black bear (D:7)
  3 phantoms
  2 centaurs (D:7)
  2 big kobolds (D:8)
  15 crocodiles
  14 giant frogs
  An elf zombie (Ossuary)
  A water moccasin zombie (D:6)
  3 scorpions
  20 killer bees (D:8)
  An electric eel (Lair:4)
  4 crimson imps
  A quasit (D:10)
  2 centaur zombies (D:8)
  A giant frog zombie (D:9)
  A hound (D:8)
  2 jellies
  A centaur skeleton (D:4)
  3 human zombies (Ossuary)
  7 orc priests
  7 orc wizards
  9 iguanas
  6 hell rats (Lair:7)
  7 worker ants
  12 sheep
  A big kobold zombie (Ossuary)
  A hound zombie (Ossuary)
  A hound skeleton (D:8)
  4 mummies (Ossuary)
  3 gnolls (D:4)
  31 river rats
  4 adders
  A shadow imp (D:7)
  4 oozes
  An adder zombie (D:3)
  3 adder skeletons
  4 worms
  7 giant geckos
  19 orcs
  3 giant cockroaches
  12 goblins
  8 hobgoblins
  4 jackals
  19 kobolds
  7 quokkas
  A ball python (D:3)
  10 bats
  2 giant newts
  A hobgoblin zombie (Ossuary)
  A jackal skeleton (D:8)
  A jackal zombie (Ossuary)
  A kobold zombie (Ossuary)
  An orc zombie (Ossuary)
  A quokka skeleton (D:8)
  6 rats
  2 rat zombies (Ossuary)
  A plant (D:8)
426 creatures vanquished.

Vanquished Creatures (others)
  5 fungi
  7 plants
12 creatures vanquished.

Grand Total: 438 creatures vanquished

Notes
Turn   | Place    | Note
--------------------------------------------------------------
     0 | D:1      | Psiweapon the Octopode Enchanter began the quest for the Orb.
     0 | D:1      | Reached XP level 1. HP: 11/11 MP: 3/3
   156 | D:1      | Reached XP level 2. HP: 17/17 MP: 5/5
   219 | D:1      | Learned a level 2 spell: Ensorcelled Hibernation
   384 | D:1      | Reached XP level 3. HP: 21/21 MP: 6/6
   602 | D:2      | Found a shattered altar of Ashenzari.
   840 | D:2      | Found a bloodstained altar of Trog.
   844 | D:2      | Found a snail-covered altar of Cheibriados.
   945 | D:2      | Reached skill level 5 in Stealth
  1031 | D:2      | Reached XP level 4. HP: 27/27 MP: 7/7
  1039 | D:2      | Learned a level 3 spell: Confuse
  1858 | D:2      | Found an iron altar of Okawaru.
  1860 | D:2      | Found an opulent altar of Gozag.
  2000 | D:4      | Noticed an ogre
  2005 | D:4      | Killed an ogre
  2005 | D:4      | Reached XP level 5. HP: 31/31 MP: 8/8
  2059 | D:5      | Entered Level 5 of the Dungeon
  2179 | D:4      | Reached XP level 6. HP: 36/36 MP: 9/9
  2880 | D:3      | Reached skill level 1 in Ice Magic
  3455 | D:4      | Found a staircase to the Ecumenical Temple.
  3494 | Temple   | Entered the Ecumenical Temple
  3586 | Temple   | Became a worshipper of Dithmenos the Shadowed
  3788 | D:4      | Learned a level 3 spell: Dazzling Spray
  3931 | D:4      | Reached XP level 7. HP: 41/41 MP: 1/10
  4432 | D:5      | Reached skill level 5 in Short Blades
  4518 | D:5      | HP: 1/41 [orc priest/nerve-wracking pain (14)]
  5230 | D:6      | Reached skill level 5 in Dodging
  5230 | D:6      | Reached XP level 8. HP: 32/46 MP: 1/11
  5394 | D:6      | Reached skill level 6 in Short Blades
  5422 | D:6      | Found a radiant altar of Vehumet.
  5571 | D:6      | Found a sand-covered staircase.
  5576 | Ossuary  | Entered an ossuary
  5604 | Ossuary  | Reached * piety under Dithmenos
  5913 | Ossuary  | Learned a level 2 spell: Swiftness
  6070 | D:6      | Reached skill level 7 in Short Blades
  6226 | D:6      | Found a burning altar of Makhleb.
  6227 | D:6      | Noticed a green death
  6231 | D:6      | Found a glowing silver altar of Zin.
  6231 | D:6      | Noticed an angel
  6483 | D:8      | Reached skill level 5 in Ice Magic
  6483 | D:8      | Reached XP level 9. HP: 42/51 MP: 2/12
  6694 | D:7      | Found a stormy altar of Qazlal.
  6789 | D:8      | Reached skill level 8 in Short Blades
  6977 | D:8      | Reached ** piety under Dithmenos
  7019 | D:8      | Found Niupi's Armour Shoppe.
  7325 | D:10     | Entered Level 10 of the Dungeon
  7332 | D:10     | Reached skill level 9 in Short Blades
  7341 | D:10     | Noticed a hill giant
  7583 | D:7      | Found a deep blue altar of Sif Muna.
  7583 | D:7      | Found a radiant altar of Vehumet.
  7593 | D:7      | Found a glowing golden altar of the Shining One.
  7919 | D:7      | Reached XP level 10. HP: 56/56 MP: 14/17
  8052 | D:7      | Reached skill level 5 in Spellcasting
  8082 | D:7      | Learned a level 3 spell: Ozocubu's Armour
  8307 | D:8      | Reached skill level 10 in Short Blades
  8466 | D:8      | Reached *** piety under Dithmenos
  8475 | D:8      | Gained mutation: Your spells are a little harder to cast, but a little more powerful. [mutagenic meat]
  8476 | D:8      | Gained mutation: You are agile. (Dex +2) [mutagenic meat]
  8477 | D:8      | Gained mutation: You are very agile. (Dex +4) [mutagenic meat]
  8607 | D:8      | Found a staircase to the Lair.
  9406 | Lair:1   | Entered Level 1 of the Lair of Beasts
 10205 | Lair:2   | Reached XP level 11. HP: 61/61 MP: 14/22
 10220 | Lair:2   | Reached **** piety under Dithmenos
 10284 | Lair:2   | Found a shimmering altar of Xom.
 10285 | Lair:2   | Noticed an oklob plant
 10292 | Lair:2   | Killed an oklob plant
 10361 | Lair:2   | Reached skill level 10 in Stealth
 10491 | Lair:2   | Reached skill level 5 in Hexes
 10744 | Lair:2   | Learned a level 4 spell: Throw Icicle
 12158 | Lair:3   | Noticed a six-headed hydra
 12171 | Lair:3   | Killed a six-headed hydra
 12177 | Lair:3   | Noticed a six-headed hydra
 12292 | Lair:3   | Reached skill level 10 in Spellcasting
 12292 | Lair:3   | Reached XP level 12. HP: 64/66 MP: 26/26
 12312 | Lair:3   | Killed a six-headed hydra
 12817 | Lair:3   | Reached skill level 1 in Conjurations
 13163 | Lair:4   | Got a steaming trident
 13166 | Lair:4   | Identified the +6 trident of Noon {venom, Str+4 Dex+3} (You found it on level 4 of the Lair of Beasts)
 13392 | Lair:4   | Found a hole to the Spider Nest.
 13514 | Lair:4   | Noticed Harold
 13519 | Lair:4   | Killed Harold
 13775 | Lair:4   | Reached skill level 1 in Polearms
 14057 | Lair:4   | Noticed a seven-headed hydra
 14063 | Lair:4   | Killed a seven-headed hydra
 14159 | Lair:5   | Found a staircase to the Shoals.
 14176 | Lair:5   | Noticed Snorg
 14181 | Lair:5   | Killed Snorg
 14201 | Lair:5   | Reached skill level 5 in Conjurations
 14243 | Lair:5   | Reached skill level 10 in Hexes
 14438 | Lair:5   | Reached skill level 1 in Shields
 14648 | Lair:5   | Noticed Maud
 14657 | Lair:5   | Killed Maud
 14657 | Lair:5   | Reached XP level 13. HP: 71/71 MP: 27/27
 15206 | Lair:6   | Reached skill level 5 in Polearms
 15656 | Lair:6   | Reached skill level 5 in Shields
 16670 | Lair:8   | Entered Level 8 of the Lair of Beasts
 16873 | Lair:7   | HP: 3/71 [komodo dragon (27)]
 17216 | Lair:7   | Noticed Josephine
 17727 | Lair:7   | HP: 3/71 [water moccasin (4)]
 17740 | Lair:7   | Slain by a water moccasin

Vault maps used:
D:1:      lemuel_arrival_funnel, minmay_misc_feat_x, grunt_decor_clamped
D:2:      ashenzari_conservatory_becter, nicolae_overflow_hidden_temple
D:3:      minmay_misc_feat_rugged
D:4:      first_bread
D:5:      xom_butterflies, old_standard_altar
D:6:      grunt_temple_overflow_order_and_chaos_2, enter_ossuary_2,
          vehumet_altar_wand_db
D:7:      nicolae_qazlal_style_of_elements, gammafunk_temple_overflow_forgotten
D:8:      lair_0_dummy, serial_shops, nicolae_shop_trees,
          hangedman_pestilent_swarm, nicolae_looking_at_the_future
Temple:   circular_temple_6
Lair:2:   lemuel_oklob_altar, grunt_megastairs_4
Lair:4:   spider_nest_entry_web_field, serial_bayou_shore_b,
          serial_bayou_shore_a, lemuel_fruit_tree, infiniplex_staircase_pool,
          uniq_harold
Lair:5:   shoals_dummy_entry, uniq_snorg, uniq_maud
Lair:6:   beast_lair_carwin_11, grunt_megastairs_3
Lair:7:   kilobyte_rumbling_trees, uniq_josephine
Lair:8:   evil_forest, minmay_slime_entry_jelly_boxes, minivault_29,
          infiniplex_staircase_pool_2
Ossuary:  ossuary_minmay_tomb_2a

Action                   |  1- 3 |  4- 6 |  7- 9 | 10-12 | 13-15 || total
-------------------------+-------+-------+-------+-------+-------++-------
Melee: Dagger            |    81 |   109 |   269 |   310 |   121 ||   890
       Long sword        |       |       |    61 |    90 |       ||   151
       Battleaxe         |       |       |     2 |     3 |       ||     5
       Rapier            |       |       |       |    11 |       ||    11
       Trident           |       |       |       |    18 |    19 ||    37
 Fire: Hunting sling     |       |       |    10 |       |       ||    10
Throw: Throwing net      |       |       |       |       |     1 ||     1
 Cast: Corona            |     1 |       |       |       |       ||     1
       Ensorcelled Hiber |     5 |    16 |    17 |    56 |    60 ||   154
       Confuse           |       |     6 |    17 |     6 |     5 ||    34
       Dazzling Spray    |       |       |    19 |    59 |    39 ||   117
       Ozocubu's Armour  |       |       |       |     2 |     1 ||     3
Invok: Shadow Step       |       |       |     1 |     9 |     2 ||    12
Evoke: Wand              |       |       |       |     1 |     6 ||     7
  Use: Scroll            |     1 |    10 |     6 |     8 |     6 ||    31
       Potion            |     1 |     2 |     1 |     5 |       ||     9
 Stab: Sleeping          |    16 |    27 |    34 |    95 |    40 ||   212
       Distracted        |     2 |       |       |     1 |     3 ||     6
       Confused          |       |     2 |     2 |     3 |       ||     7
       Invisible         |       |       |     9 |    21 |    14 ||    44
  Eat: Chunk             |     1 |    10 |     8 |    16 |     3 ||    38
       Beef jerky        |       |       |     2 |       |     4 ||     6
       Fruit             |       |       |     3 |     1 |       ||     4
       Meat ration       |       |       |     1 |       |       ||     1
       Bread ration      |       |       |       |     2 |       ||     2
